 Dungeon Crawl Stone Soup version 0.18-a0-1078-gebb93d0 (webtiles) character file.

197128 Guppy the Warrior (level 18, -3/151 HPs)
             Began as a Demonspawn Berserker on Jan 14, 2016.
             Was an Elder of Trog.
             Blown up by an orb spider (18 damage)
             ... with an orb of destruction
             ... on level 4 of the Spider Nest.
             The game lasted 02:11:58 (29621 turns).

Guppy the Warrior (Demonspawn Berserker)           Turns: 29621, Time: 02:11:58

Health: -3/151     AC: 27    Str: 32 (33) XL:     18   Next: 17%
Magic:  0/28       EV: 24    Int: 11      God:    Trog [****..]
Gold:   2267       SH:  0    Dex: 20 (21) Spells: 0 memorised, 17 levels left

rFire  + + +     SeeInvis .     n - +8 trident of Voot {vamp, rElec Str+3 Dex+3}
rCold  x . .     Gourm    .     B - +5 fire dragon armour "Iffom" {*Contam *Drain +Inv rPois rF++ rC- MR+++}
rNeg   . . .     Faith    .     (no shield)
rPois  +         Spirit   +     e - +0 hat "Qoschir" {MR+ Regen+ Int+2}
rElec  +         Dismiss  .     t - +2 cloak
rCorr  .         Reflect  .     (gloves unavailable)
SustAt .         Harm     .     (no boots)
MR     +++++     Clarity  +     (no amulet)
Stlth  ++........               G - ring "Ypaid" {MR+ MP+9 Str+4 Stlth+}
                                J - +4 ring of strength

@: exhausted, very slightly contaminated, hasted and slowed, almost entirely
resistant to hostile enchantments, unstealthy
A: claws 3, iridescent scales 2, agile 1, berserk 1, clarity, fire resistance 1,
foul stench 2, high mp 1, magic resistance 1, regeneration 1, augmentation 2,
magic shield, magic regeneration, rot immunity
a: Berserk, Trog's Hand, Brothers in Arms, Burn Spellbooks, Renounce Religion,
Evoke Invisibility


You were on level 4 of the Spider Nest.
You worshipped Trog.
Trog was greatly pleased with you.
You were not hungry.

You visited 5 branches of the dungeon, and saw 30 of its levels.

You collected 3004 gold pieces.
You spent 737 gold pieces at shops.

Inventory:

Hand Weapons
 n - the +8 trident of Voot (weapon) {vamp, rElec Str+3 Dex+3}
   (You found it on level 7 of the Dungeon)

   It inflicts no extra harm, but heals its wielder somewhat when it strikes a
   living foe.
   It affects your strength (+3).
   It affects your dexterity (+3).
   It insulates you from electricity.
Armour
 e - the +0 hat "Qoschir" (worn) {MR+ Regen+ Int+2}
   (You acquired it on level 8 of the Dungeon)

   It affects your intelligence (+2).
   It affects your resistance to hostile enchantments.
   It increases your rate of regeneration.
 t - a +2 cloak (worn)
 B - the +5 fire dragon armour "Iffom" (worn) {*Contam *Drain +Inv rPois rF++ rC- MR+++}
   (You found it on level 3 of the Elven Halls)

   It greatly protects you from fire.
   It makes you vulnerable to cold.
   It protects you from poison.
   It affects your resistance to hostile enchantments.
   It lets you turn invisible.
   It causes magical contamination when unequipped.
   It causes draining when unequipped.
Jewellery
 C - an uncursed ring of flight
 G - the ring "Ypaid" (right claw) {MR+ MP+9 Str+4 Stlth+}
   (You bought it in a shop on level 2 of the Orcish Mines)

   [ring of stealth]

   It affects your strength (+4).
   It affects your resistance to hostile enchantments.
   It affects your magic capacity (+9).
   It makes you more stealthy.
 J - a +4 ring of strength (left claw)
Wands
 r - a wand of lightning (11/15)
 s - a wand of digging (7/24)
Scrolls
 b - 7 scrolls of teleportation
 f - 8 scrolls of identify
 h - 8 scrolls of recharging
 l - 2 scrolls of enchant weapon
 m - 5 scrolls of enchant armour
 o - 8 scrolls of remove curse
 q - a scroll of magic mapping
 u - 5 scrolls of fog
 y - 4 scrolls of fear
Potions
 a - 5 potions of might
 d - 2 potions of magic
 g - a potion of invisibility
 j - a potion of agility
 p - 5 potions of curing
 w - 4 potions of flight
 A - 3 potions of haste
 D - 3 potions of brilliance
Miscellaneous
 E - a sack of spiders {used: 1}
Comestibles
 c - 13 bread rations
 i - 17 royal jellies
 k - 16 meat rations


   Skills:
 + Level 16.2 Fighting
 + Level 15.4 Polearms
 + Level 14.1 Armour
 + Level 15.9 Dodging
 - Level 4.4 Stealth


You had 17 spell levels left.
You didn't know any spells.

Dungeon Overview and Level Annotations

Branches:
Dungeon (13/15)            Temple (0/1) D:7            Lair (8/8) D:8
  Swamp (0/4) Lair:6       Spider (4/4) Lair:6        Slime (0/6) Lair:6
    Orc (2/2) D:12            Elf (3/3) Orc:2        Vaults (0/5) D:13

Altars:
Ashenzari
Elyvilon
Fedhas
Makhleb
Nemelex Xobeh
Pakellas
Qazlal
Ru
Sif Muna
Trog
Yredelemnul
The Shining One
Beogh
Jiyva

Shops:
Orc:2 ==[=   Elf:3 }

Portals:
Trove: D:10 (give horn of Geryon)


Innate Abilities, Weirdness & Mutations

You have claws for hands.
You are mostly covered in iridescent scales (AC +6).
You frequently emit foul miasma when damaged in melee.
Your magical and physical power is enhanced at high health.
When hurt, damage is shared between your health and your magic reserves.
You regenerate magic rapidly.
You are immune to rotting.
You are agile. (Dex +2)
You tend to lose your temper in combat.
You possess an exceptional clarity of mind.
Your flesh is heat resistant.
You have an increased reservoir of magic (+10% MP).
You are resistant to hostile enchantments.
Your natural rate of healing is unusually fast.


Message History

The orb spider pulsates with a strange energy.
You puncture the moth of wrath!
The moth of wrath is lightly wounded.
The wavering orb of destruction hits you!
* * * LOW HITPOINT WARNING * * *
The moth of wrath misses you.
You are too injured to fight recklessly!
The moth of wrath completely misses you. x2
The orb spider weaves a glowing orb of energy.
The moth of wrath completely misses you.
The orb spider weaves a glowing orb of energy. 2 orbs of destruction come into view.
The moth of wrath bites you but does no damage.
The orb of destruction hits you!
* * * LOW HITPOINT WARNING * * *
The moth of wrath barely misses you.
The orb spider spins a strand of pure energy.
Okay, then.
You feel yourself speed up. The orb of destruction hits you!
You die...

............(#####...##.#........
#..#...#<....#...#####..##.......
^^^##^#####..#.......^...####.^..
#...### ######.......)...^##..###
##..# ##....^...........##...##.
#..####.)....^...s.(....#..^.#..
##..##..................#..####.
##.^..^........§§......##..#...
#.....#.......@§s......##..#^..
##...##...####.y§s.....#.......
#######...# ###.s.....#.......
##..##..## ###......#.......
#....########......^.##..####
##.......#.......#########
##...^.........##
###....#...<.### ##.##^..#######


You could see an emperor scorpion, a moth of wrath and 3 orb spiders.

Vanquished Creatures
  Rupert (Lair:6)
  Frances (Elf:1)
  A deep elf blademaster (Elf:2)
  Agnes (Elf:2)
  An orc warlord (Orc:2)
  Maud (Lair:6)
  2 deep elf sorcerers (Elf:3)
  Louise (Elf:2)
  2 ghost moths (Spider:4)
  A deep elf elementalist (Elf:2)
  Aizul (Spider:3)
  4 deep elf demonologists
  2 deep elf annihilators (Elf:3)
  A spark wasp (Spider:4)
  A deep elf death mage (Elf:3)
  3 vault guards (D:13)
  A fire dragon (D:12)
  2 entropy weavers
  5 hydras
  Harold (Orc:1)
  3 centaur warriors
  Erica (D:8)
  Erolcha (Orc:1)
  4 catoblepae (Lair:8)
  16 death yaks (Lair:8)
  17 dancing weapons
  5 orc high priests
  13 deep elf knights
  Nergalle (Lair:1)
  An unseen horror (D:10)
  5 hill giants
  10 deep elf archers
  2 orc knights
  A wizard (D:13)
  An ugly thing (D:11)
  10 orb spiders
  3 orc sorcerers (Orc:2)
  47 deep elf magi
  26 wolf spiders
  2 hornets
  2 griffons
  22 elephants
  A moth of wrath (Spider:4)
  Joseph (Lair:1)
  A manticore (D:12)
  7 black mambas
  22 spiny frogs
  A gargoyle (D:13)
  A yaktaur (D:13)
  3 centaur skeletons
  10 demonic crawlers
  4 komodo dragons
  2 fire drakes
  A tengu conjurer (D:13)
  6 trolls
  26 jumping spiders
  The ghost of Guenter the Skirmisher, an amateur DsWn of Okawaru (D:5)
  A polar bear (Lair:5)
  10 blink frogs
  Grinder (D:4)
  2 giant leeches (Lair:6)
  5 air elementals
  85 redbacks
  A spriggan (shapeshifter) (Elf:2)
  A wraith (D:11)
  25 tarantellas
  3 water elementals (Elf:2)
  3 wyverns
  2 hungry ghosts
  86 yaks
  2 basilisks
  6 hippogriffs
  2 vampire mosquitoes (D:10)
  19 wolves
  2 mottled dragons (D:12)
  3 swamp worms (Lair:6)
  5 wargs
  A soldier ant (D:11)
  14 water moccasins
  Duvessa (D:4)
  9 porcupines
  30 orc warriors
  6 black bears
  3 ice beasts
  3 wasps
  5 sky beasts
  A phantom (D:7)
  7 ogres
  25 crocodiles
  7 centaurs
  8 big kobolds
  18 giant frogs
  4 gnoll sergeants
  2 earth elementals
  A wyvern zombie (D:10)
  Dowan (D:4)
  A water moccasin skeleton (D:5)
  2 wyvern skeletons
  3 scorpions
  28 killer bees
  15 wights
  2 electric eels
  10 crimson imps
  A giant frog zombie (D:5)
  A quasit (D:8)
  8 hounds
  3 jellies
  3 giant frog skeletons
  32 orc priests
  11 iguanas
  23 orc wizards
  7 worker ants
  A killer bee zombie (D:9)
  9 sheep
  2 worker ant zombies
  7 gnolls
  15 adders
  75 river rats
  2 shadow imps
  4 worms
  An adder skeleton (D:8)
  5 giant geckos
  112 orcs
  5 giant cockroaches
  14 goblins
  7 hobgoblins
  12 jackals
  6 quokkas
  2 ball pythons (D:1)
  14 bats
  A giant cockroach zombie (D:6)
  A giant gecko skeleton (D:7)
  2 giant gecko zombies (D:5)
  7 giant newts
  10 kobolds
  14 rats
  A spectral orc (D:8)
  3 fungi
  5 plants
1210 creatures vanquished.

Vanquished Creatures (collateral kills)
  2 deep elf master archers (Elf:3)
  2 deep elf blademasters (Elf:3)
  A deep elf sorcerer (Elf:3)
  2 deep elf elementalists (Elf:3)
  3 deep elf demonologists (Elf:3)
  2 deep elf annihilators (Elf:3)
  3 deep elf death magi (Elf:3)
  A deep elf high priest (Elf:3)
  2 entropy weavers (Spider:3)
  5 dancing weapons
  A deep elf knight (Elf:2)
  2 deep elf archers (Elf:3)
  3 orb spiders
  A hornet (Spider:3)
  A moth of wrath (Spider:3)
  3 wolf spiders (Spider:3)
  3 deep elf magi
  3 elephants
  A demonic crawler (Spider:3)
  3 jumping spiders
  A queen bee (Lair:4)
  5 blink frogs (Lair:2)
  2 tarantellas
  8 redbacks
  3 yaks (Lair:1)
  A porcupine (Lair:1)
  A wasp (Spider:4)
  2 giant frogs
  A killer bee (Lair:4)
68 creatures vanquished.

Vanquished Creatures (others)
  A deep elf elementalist (Elf:3)
  A deep elf annihilator (Elf:3)
  An unseen horror (D:10)
  A redback (Spider:4)
  An electric eel (Spider:3)
  An orc (Orc:1)
  13 fungi
  3 plants
22 creatures vanquished.

Grand Total: 1300 creatures vanquished

Notes
Turn   | Place    | Note
--------------------------------------------------------------
     0 | D:1      | Guppy the Demonspawn Berserker began the quest for the Orb.
     0 | D:1      | Reached XP level 1. HP: 18/18 MP: 1/1
   270 | D:1      | Gained mutation: You are partially covered in iridescent scales (AC +4). [demonic ancestry]
   270 | D:1      | Reached XP level 2. HP: 21/24 MP: 2/2
   743 | D:1      | Found a shattered altar of Ashenzari.
   836 | D:2      | Found a stormy altar of Qazlal.
  1044 | D:2      | Reached ** piety under Trog
  1141 | D:2      | Reached XP level 3. HP: 13/29 MP: 3/3
  1237 | D:2      | Found a sacrificial altar of Ru.
  2001 | D:3      | Gained mutation: You are mostly covered in iridescent scales (AC +6). [demonic ancestry]
  2001 | D:3      | Reached XP level 4. HP: 35/35 MP: 4/4
  2081 | D:3      | Found a white marble altar of Elyvilon.
  2084 | D:3      | Noticed an ogre
  2099 | D:3      | Killed an ogre
  2099 | D:3      | Reached skill level 1 in Stealth
  2099 | D:3      | Gained mutation: You are immune to rotting. [demonic ancestry]
  2099 | D:3      | Reached XP level 5. HP: 13/41 MP: 5/5
  2483 | D:3      | Gained mutation: You are resistant to hostile enchantments. [potion of mutation]
  2483 | D:3      | Gained mutation: You can translocate small distances at will. [potion of mutation]
  2483 | D:3      | Gained mutation: You tend to lose your temper in combat. [potion of mutation]
  2949 | D:4      | Reached skill level 4 in Polearms
  2949 | D:4      | Gained mutation: When hurt, damage is shared between your health and your magic reserves. [demonic ancestry]
  2949 | D:4      | Reached XP level 6. HP: 16/48 MP: 6/6
  3418 | D:4      | Found a deep blue altar of Sif Muna.
  3711 | D:4      | Noticed Duvessa
  3713 | D:4      | Noticed Dowan
  3726 | D:4      | Killed Duvessa
  3729 | D:4      | Killed Dowan
  3729 | D:4      | Gained mutation: You may emit foul miasma when damaged in melee. [demonic ancestry]
  3729 | D:4      | Reached XP level 7. HP: 54/54 MP: 7/7
  3820 | D:4      | Noticed Grinder
  3854 | D:4      | Paralysed by Grinder for 2 turns
  3863 | D:4      | Paralysed by Grinder for 2 turns
  3870 | D:4      | Killed Grinder
  3960 | D:4      | Reached *** piety under Trog
  4034 | D:5      | Entered Level 5 of the Dungeon
  4058 | D:5      | Reached skill level 5 in Dodging
  4065 | D:5      | Found a sparkling altar of Nemelex Xobeh.
  4082 | D:5      | Reached skill level 5 in Polearms
  4161 | D:5      | Noticed Guenter's ghost (amateur DsWn)
  4180 | D:5      | Killed Guenter's ghost
  4180 | D:5      | Reached skill level 5 in Fighting
  4180 | D:5      | Reached XP level 8. HP: 56/62 MP: 2/8
  4391 | D:5      | Found a sacrificial altar of Ru.
  4395 | D:5      | Found a glowing golden altar of the Shining One.
  4404 | D:5      | Reached skill level 6 in Dodging
  4409 | D:5      | Found a deep blue altar of Sif Muna.
  4518 | D:5      | Found a blossoming altar of Fedhas.
  5191 | D:6      | Found a runed door.
  5298 | D:6      | Gained mutation: You often lose your temper in combat. [mutagenic meat]
  5299 | D:6      | Gained mutation: Your mind is acute. (Int +2) [mutagenic meat]
  5300 | D:6      | Lost mutation: You often lose your temper in combat. [mutagenic meat]
  5301 | D:6      | Lost mutation: Your mind is acute. (Int +2) [mutagenic meat]
  5302 | D:6      | Gained mutation: You are weak. (Str -2) [mutagenic meat]
  5322 | D:6      | Found a bloodstained altar of Trog.
  5556 | D:6      | Reached skill level 7 in Dodging
  5556 | D:6      | Gained mutation: You have sharp fingernails. [demonic ancestry]
  5556 | D:6      | Reached XP level 9. HP: 28/69 MP: 2/9
  5708 | D:6      | Found a roughly hewn altar of Beogh.
  6133 | D:7      | Got a brightly glowing trident
  6134 | D:7      | Identified the +8 trident of Voot {vamp, rElec Str+3 Dex+3} (You found it on level 7 of the Dungeon)
  6198 | D:7      | Found a staircase to the Ecumenical Temple.
  6233 | D:7      | Found a blossoming altar of Fedhas.
  6742 | D:8      | Reached skill level 8 in Dodging
  6771 | D:8      | Noticed Erica
  6779 | D:8      | Killed Erica
  6805 | D:8      | Reached **** piety under Trog
  6828 | D:8      | Gained mutation: You have very sharp fingernails. [demonic ancestry]
  6828 | D:8      | Reached XP level 10. HP: 74/77 MP: 10/10
  7120 | D:8      | Found a staircase to the Lair.
  7126 | D:8      | Reached skill level 9 in Dodging
  7409 | D:8      | Identified a scroll of acquirement
  7410 | D:8      | Got a twisted hat
  7411 | D:8      | Identified the +0 hat "Qoschir" {MR+ Regen+ Int+2} (You acquired it on level 8 of the Dungeon)
  7531 | D:8      | Found an oddly glowing altar of Pakellas.
  7769 | D:8      | Found a basalt altar of Yredelemnul.
  8351 | D:9      | Reached ***** piety under Trog
  8471 | D:9      | Found a burning altar of Makhleb.
  8634 | D:9      | Noticed a hill giant
  8647 | D:9      | Killed a hill giant
  8884 | Lair:1   | Entered Level 1 of the Lair of Beasts
  8971 | Lair:1   | Noticed a spiny frog
  8976 | Lair:1   | Killed a spiny frog
  9044 | Lair:1   | Noticed a spiny frog
  9054 | Lair:1   | Killed a spiny frog
  9057 | Lair:1   | Noticed a spiny frog
  9067 | Lair:1   | Killed a spiny frog
  9165 | Lair:1   | Reached XP level 11. HP: 85/87 MP: 8/11
  9166 | Lair:1   | Reached skill level 5 in Armour
  9337 | Lair:1   | Got a jewelled war axe
  9339 | Lair:1   | Identified the +5 war axe of Compound Interest {flame, *Drain +Rage MP+9 Str+4} (You found it on level 1 of the Lair of Beasts)
  9405 | Lair:1   | Noticed Nergalle
  9452 | Lair:1   | Killed Nergalle
  9552 | Lair:1   | Noticed Joseph
  9566 | Lair:1   | Killed Joseph
 10126 | Lair:1   | Reached skill level 10 in Dodging
 10537 | Lair:2   | Received a gift from Trog
 10570 | Lair:2   | Noticed a four-headed hydra
 10579 | Lair:2   | Killed a four-headed hydra
 10840 | Lair:2   | Reached XP level 12. HP: 86/97 MP: 8/12
 11196 | Lair:2   | Reached skill level 10 in Polearms
 11214 | Lair:2   | Reached skill level 10 in Fighting
 11419 | Lair:3   | Gained mutation: Your magical capacity is low (-10% MP). [potion of mutation]
 11419 | Lair:3   | Gained mutation: You expend magic power (3 MP) to strengthen your wands. [potion of mutation]
 11419 | Lair:3   | Gained mutation: Your natural rate of healing is unusually fast. [potion of mutation]
 11813 | Lair:3   | Got an iridescent trident
 11816 | Lair:3   | Identified the +8 trident of Beufoll {pain, +Blink Int+2} (You found it on level 3 of the Lair of Beasts)
 12430 | Lair:4   | Reached skill level 11 in Dodging
 12920 | Lair:4   | Received a gift from Trog
 13334 | Lair:5   | Found a frozen archway.
 13564 | Lair:5   | Gained mutation: You have claws for hands. [demonic ancestry]
 13564 | Lair:5   | Reached XP level 13. HP: 96/106 MP: 9/11
 14036 | Lair:6   | Received a gift from Trog
 14057 | Lair:6   | Found a staircase to the Swamp.
 14184 | Lair:6   | Noticed Rupert
 14236 | Lair:6   | Killed Rupert
 14366 | Lair:6   | Noticed Maud
 14377 | Lair:6   | Killed Maud
 14552 | Lair:6   | Reached skill level 12 in Dodging
 14678 | Lair:6   | Found a hole to the Spider Nest.
 14824 | Lair:6   | Found a viscous altar of Jiyva.
 14825 | Lair:6   | Found a staircase to the Slime Pits.
 15301 | Lair:7   | Gained mutation: You have large cloven feet. [potion of beneficial mutation]
 15642 | Lair:7   | Received a gift from Trog
 15762 | Lair:7   | Gained mutation: You frequently emit foul miasma when damaged in melee. [demonic ancestry]
 15762 | Lair:7   | Reached XP level 14. HP: 115/115 MP: 6/12
 15817 | Lair:7   | Received a gift from Trog
 16067 | Lair:7   | Reached skill level 10 in Armour
 16162 | Lair:7   | Lost mutation: You expend magic power (3 MP) to strengthen your wands. [potion of cure mutation]
 16162 | Lair:7   | Lost mutation: You are weak. (Str -2) [potion of cure mutation]
 16162 | Lair:7   | Lost mutation: You have large cloven feet. [potion of cure mutation]
 16162 | Lair:7   | Lost mutation: Your magical capacity is low (-10% MP). [potion of cure mutation]
 16162 | Lair:7   | Lost mutation: You can translocate small distances at will. [potion of cure mutation]
 16176 | Lair:8   | Entered Level 8 of the Lair of Beasts
 17097 | Lair:8   | Reached skill level 13 in Dodging
 17190 | Lair:8   | Received a gift from Trog
 17319 | Lair:8   | Gained mutation: You are agile. (Dex +2) [potion of beneficial mutation]
 17927 | D:10     | Entered Level 10 of the Dungeon
 18123 | D:10     | Found a portal to a secret trove of treasure.
 18645 | D:11     | Gained mutation: Your magical and physical power is slightly enhanced at high health. [demonic ancestry]
 18645 | D:11     | Reached XP level 15. HP: 124/124 MP: 15/15
 19036 | D:11     | Got a faintly glowing plate armour
 19037 | D:11     | Identified the +5 plate armour of the Wumpus {rC+ Regen+} (You found it on level 11 of the Dungeon)
 19116 | D:11     | Received a gift from Trog
 19336 | D:12     | Found a labyrinth entrance.
 19724 | D:12     | Got a heavily runed brass amulet
 19725 | D:12     | Identified the amulet of Cheibriados's Envy {Harm *Drain Int+4} (You found it on level 12 of the Dungeon)
 20102 | D:12     | Found a staircase to the Orcish Mines.
 20177 | Orc:1    | Entered Level 1 of the Orcish Mines
 20181 | Orc:1    | Noticed Erolcha
 20191 | Orc:1    | Killed Erolcha
 20191 | Orc:1    | Received a gift from Trog
 20554 | Orc:2    | Entered Level 2 of the Orcish Mines
 20640 | Orc:2    | Found a staircase to the Elven Halls.
 20668 | Orc:2    | Found a roughly hewn altar of Beogh.
 20676 | Orc:2    | Reached ****** piety under Trog
 20763 | Orc:2    | Noticed an orc warlord
 20773 | Orc:2    | Killed an orc warlord
 20871 | Orc:2    | Received a gift from Trog
 20963 | Orc:2    | Found Rosaun's Jewellery Shoppe.
 20963 | Orc:2    | Found Niwausayv's Jewellery Emporium.
 20964 | Orc:2    | Found Geskuj's Antique Armour Emporium.
 20970 | Orc:2    | Found Ceirph's Jewellery Shoppe.
 21014 | Orc:2    | Bought the ring "Ypaid" {MR+ MP+9 Str+4 Stlth+} for 462 gold pieces
 21561 | Orc:1    | Noticed Harold
 21593 | Orc:1    | Killed Harold
 21682 | Elf:1    | Entered Level 1 of the Elven Halls
 21795 | Elf:1    | Reached skill level 14 in Fighting
 21854 | Elf:1    | Received a gift from Trog
 22035 | Elf:1    | Noticed Frances
 22050 | Elf:1    | Killed Frances
 22279 | Elf:1    | Found Xoqianem's Food Boutique.
 22282 | Elf:1    | Gained mutation: You regenerate magic rapidly. [demonic ancestry]
 22282 | Elf:1    | Reached XP level 16. HP: 133/133 MP: 16/16
 22299 | Elf:1    | Bought a bread ration for 50 gold pieces
 22299 | Elf:1    | Bought a meat ration for 50 gold pieces
 22299 | Elf:1    | Bought a meat ration for 50 gold pieces
 22299 | Elf:1    | Bought a bread ration for 50 gold pieces
 22299 | Elf:1    | Bought a slice of pizza for 15 gold pieces
 22299 | Elf:1    | Bought 4 fruits for 60 gold pieces
 22615 | Elf:2    | Gained mutation: You have an increased reservoir of magic (+10% MP). [potion of beneficial mutation]
 22616 | Elf:2    | Gained mutation: You possess an exceptional clarity of mind. [potion of beneficial mutation]
 22737 | Elf:2    | Gained mutation: Your flesh is heat resistant. [potion of beneficial mutation]
 22822 | Elf:2    | Found a huge runed gate.
 22824 | Elf:2    | Found a huge runed gate.
 22824 | Elf:2    | Found a huge runed gate.
 22825 | Elf:2    | Found a huge runed gate.
 22825 | Elf:2    | Found a huge runed gate.
 22984 | Elf:2    | Received a gift from Trog
 23171 | Elf:2    | Noticed Agnes
 23172 | Elf:2    | Noticed a deep elf blademaster
 23190 | Elf:2    | Killed a deep elf blademaster
 23200 | Elf:2    | Killed Agnes
 23458 | Elf:2    | Noticed Louise
 23500 | Elf:2    | Killed Louise
 23710 | Elf:3    | Entered Level 3 of the Elven Halls
 23971 | Elf:3    | Found Ohovas's Gadget Shoppe.
 24065 | Elf:3    | Noticed a deep elf blademaster
 24065 | Elf:3    | Noticed a deep elf master archer
 24065 | Elf:3    | Noticed a Shadow Fiend
 24070 | Elf:3    | Killed a deep elf blademaster
 24073 | Elf:3    | Received a gift from Trog
 24091 | Elf:3    | HP: 1/134 [deep elf master archer/arrow (10)]
 24102 | Elf:3    | Killed a deep elf master archer
 24171 | Elf:3    | Reached skill level 15 in Fighting
 24243 | Elf:3    | Got a heavily runed fire dragon armour
 24244 | Elf:3    | Identified the +5 fire dragon armour "Iffom" {*Contam *Drain +Inv rPois rF++ rC- MR+++} (You found it on level 3 of the Elven Halls)
 24306 | Elf:3    | Noticed a deep elf blademaster
 24312 | Elf:3    | Killed a deep elf blademaster
 24315 | Elf:3    | Noticed a deep elf master archer
 24329 | Elf:3    | Noticed a Shadow Fiend
 24465 | Elf:3    | Reached skill level 15 in Dodging
 24468 | Elf:3    | Gained mutation: Your magical and physical power is enhanced at high health. [demonic ancestry]
 24468 | Elf:3    | Reached XP level 17. HP: 142/142 MP: 18/18
 24473 | Elf:3    | Killed a deep elf master archer
 24482 | Elf:3    | Got a steaming silver ring
 24490 | Elf:3    | Got an ancient trident {pierce}
 24491 | Elf:3    | Identified the +2 trident of Cont {pierce, rC+ Stlth+} (You took it off a deep elf death mage on level 3 of the Elven Halls)
 24492 | Elf:3    | Identified the cursed ring of Spite {rN+ AC-2} (You took it off a deep elf demonologist on level 3 of the Elven Halls)
 24584 | Elf:3    | Received a gift from Trog
 25348 | D:13     | Found a deep blue altar of Sif Muna.
 25489 | D:13     | Found a gate to the Vaults.
 26189 | Spider:1 | Entered Level 1 of the Spider Nest
 27333 | Spider:2 | Reached skill level 15 in Polearms
 27470 | Spider:2 | Identified Wofiasta's Collected Works on Good Luck and the Entourage
 27879 | Spider:2 | Received a gift from Trog
 28524 | Spider:3 | Received a gift from Trog
 28569 | Spider:3 | Noticed Aizul
 28586 | Spider:3 | Killed Aizul
 28725 | Spider:3 | Received a gift from Trog
 28849 | Spider:3 | Reached skill level 16 in Fighting
 29065 | Spider:4 | Entered Level 4 of the Spider Nest
 29082 | Spider:4 | Reached XP level 18. HP: 130/151 MP: 0/19
 29578 | Spider:4 | Received a gift from Trog
 29621 | Spider:4 | Blown up by an orb spider

Vault maps used:
D:1:      onia_arrival_mini_maze_b, ashenzari_altar_1
D:2:      overflow_temple_1_default, nicolae_ru_the_path_less_chosen
D:3:      elyvilon_altar_3
D:4:      minmay_crystal_room, led_sif_pool, uniq_grinder, uniq_duvessa
D:5:      lemuel_crystal_altar, minmay_overflow_temple_star_quad, basic_altar,
          first_bread
D:6:      kennysheep_mini, lightli_church_of_beogh
D:7:      minmay_temple_entry_crystal_x, fedhas_altar_3
D:8:      yredelemnul_forgotten_temple_becter, lemuel_doored_altar,
          grunt_lair_entry_orc_guard_hut, uniq_erica
D:9:      lightli_temple_of_fire, blue_anna_alchemist,
          small_chamber_with_monster, serial_bayou_pond_c
D:10:     nicolae_trove_entry_diagonal
D:12:     minmay_cut_squares, kennysheep_orc_monster_closet_entryway,
          enter_bailey_3, lab_entry_generic
D:13:     grunt_vaults_entry_fortified, basic_altar,
          kennysheep_decorative_pillar, uniq_josephine
Lair:1:   uniq_joseph, uniq_nergalle
Lair:2:   st_stairs_11
Lair:3:   st_stairs_5
Lair:4:   grunt_megastairs_5
Lair:5:   portal_ice_cave_entry_pillars_02, beast_lair_carwin_1
Lair:6:   minmay_swamp_entry_worms, spider_nest_entry_funnel_web, slime_altar_1,
          infiniplex_staircase_pool, uniq_rupert, uniq_maud
Lair:8:   evilmike_catoblepas_cave, st_stairs_5
Spider:3: nicolae_spider_mines_3, spider_trap, guppyfry_spider_mini_3,
          uniq_aizul
Spider:4: johnstein_spider_rune_arachne_lair
Orc:1:    uniq_harold, uniq_erolcha
Orc:2:    st_orc_mages, basic_altar
Elf:1:    minmay_elf_arrival_circle, serial_shops, shop, minmay_elf_demonology,
          uniq_frances
Elf:2:    uniq_louise, uniq_agnes
Elf:3:    grunt_elf_hall_branching, serial_shops, nicolae_shop_stone

Action                   |  1- 3 |  4- 6 |  7- 9 | 10-12 | 13-15 | 16-18 || total
-------------------------+-------+-------+-------+-------+-------+-------++-------
Melee: Spear             |   127 |   154 |   608 |       |       |       ||   889
       Trident           |       |       |    89 |   997 |  2163 |  1293 ||  4542
Invok: Trog's Hand       |     1 |     2 |     5 |     8 |    16 |    11 ||    43
       Berserk           |     1 |     1 |     3 |     1 |     3 |     2 ||    11
       Brothers in Arms  |       |       |       |     4 |     2 |    20 ||    26
       Burn Spellbooks   |       |       |       |       |     2 |     4 ||     6
Evoke: Sack of spiders   |       |       |       |       |       |     1 ||     1
  Use: Scroll            |     3 |     5 |     5 |    12 |     8 |    13 ||    46
       Potion            |       |     7 |     4 |     7 |     5 |    11 ||    34
 Stab: Sleeping          |     3 |     4 |     6 |     8 |     2 |    10 ||    33
       Distracted        |     1 |       |       |     2 |       |     6 ||     9
       Petrified         |       |       |       |       |     1 |       ||     1
  Eat: Chunk             |     3 |     4 |    19 |    22 |    27 |     7 ||    82
       Bread ration      |       |     1 |     2 |     1 |     1 |       ||     5
       Fruit             |       |       |     1 |     6 |    16 |    10 ||    33
       Beef jerky        |       |       |     1 |     2 |     3 |     2 ||     8
       Pizza             |       |       |     1 |     1 |     1 |     1 ||     4
       Meat ration       |       |       |       |       |       |     2 ||     2
